 Dungeon Crawl Stone Soup version 0.28.0 (webtiles) character file.

Game seed: 11296718588444985300

1 freelancePsychic the Sneak (level 1, 0/11 HPs)
             Began as a Vine Stalker Delver on Feb 17, 2022.
             Succumbed to an adder's poison
             ... on level 4 of the Dungeon.
             The game lasted 00:00:36 (83 turns).

freelancePsychic the Sneak (Vine Stalker Delver)      Turns: 83, Time: 00:00:36

Health: 0/11       AC:  3    Str: 14    XL:     1   Next: 20%
Magic:  2/2        EV: 11    Int: 10    God:
Gold:   0          SH:  0    Dex: 15    Spells: 0/0 levels left

rFire   . . .      SeeInvis .   a - +0 short sword
rCold   . . .      Faith    .   (no shield)
rNeg    . . .      Spirit   +   b - +0 leather armour
rPois   .          Reflect  .   (no helmet)
rElec   .          Harm     .   (no cloak)
rCorr   .          Rampage  .   (no gloves)
Will    .....                   (no boots)
Stlth   +++.......              (no amulet)
HPRegen 0.03/turn               (no ring)
MPRegen 0.08/turn               (no ring)

@: lethally poisoned (0 -> -2), hasted, very quick
A: fangs 2, magic shield, antimagic bite, no potion heal 2
a: no special abilities


You were on level 4 of the Dungeon.
You visited 1 branch of the dungeon, and saw 2 of its levels.

Inventory:

Hand Weapons
 a - a +0 short sword (weapon)
Armour
 b - a +0 leather armour (worn)
Wands
 g - a wand of digging (2)
Scrolls
 c - a scroll of fog
 d - a scroll of identify {unknown}
 h - 2 scrolls of immolation {unknown}


   Skills:
 + Level 2.7 Fighting
 + Level 1.8 Short Blades
 + Level 1.6 Dodging
 + Level 6.0 Stealth


You couldn't memorise any spells.
You didn't know any spells.
Your spell library was empty.

Dungeon Overview and Level Annotations

Branches:
Dungeon (5/15)
 Temple: D:4-7

Altars:
The Shining One


Innate Abilities, Weirdness & Mutations

You have extremely sharp teeth.
When hurt, damage is shared between your health and your magic reserves.
Your bite disrupts and absorbs the magic of your enemies.
Potions cannot restore your health.


Message History

You kill the endoplasm!
You open the door.
Found a glowing golden altar of the Shining One.
There is an open door here.
There is an open door here.
You open the door.
There is an open door here.
You open the door.
An adder comes into view.
The adder hisses angrily.
There is an open door here.
The adder bites you.
You are poisoned.
The adder poisons you!
You hit the adder but do no damage. Your bite misses the adder.
You feel sick. The adder barely misses you. The adder bites you.
You are too injured to fight recklessly!
You are too injured to fight recklessly!
You are too injured to fight recklessly!
You are too injured to fight recklessly!
You are too injured to fight recklessly!
You are too injured to fight recklessly!
You are too injured to fight recklessly!
You are too injured to fight recklessly!
You are too injured to fight recklessly!
You are too injured to fight recklessly!
You are too injured to fight recklessly!
You are too injured to fight recklessly!
You are too injured to fight recklessly!
You are too injured to fight recklessly!
You feel yourself speed up.
You feel sick. The adder bites you.
* * * LOW HITPOINT WARNING * * *
You hit the adder. You bite the adder. You drain its power.
You feel invigorated.
The adder is severely wounded.
* * * LOW HITPOINT WARNING * * *
You feel sick. The adder bites you but does no damage.
You hit the adder.
You kill the adder!
You die...

######### #.......#
#.......# #.......#
########## #.......#
###........#####.......#
#>'........'...'@†.....#
#.#........#####.......#
#.#.####'### ........#
#.#.##♣...♣# #######..#
#.#.##.....# .#
#.#.##♣...♣# #
#.#.##.....#
#.######_### ###


There were no monsters in sight!

Vanquished Creatures
  An adder (D:4)
  An endoplasm (D:4)
2 creatures vanquished.

Notes
Turn   | Place    | Note
-------+----------+-------------------------------------------
     0 | D:5      | freelancePsychic the Vine Stalker Delver began the quest
                  | for the Orb.
     0 | D:5      | Reached XP level 1. HP: 11/11 MP: 2/2
     8 | D:5      | Noticed a hound
    62 | D:4      | Found a glowing golden altar of the Shining One.
    83 | D:4      | Succumbed to an adder's poison

Illustrated notes

Levels and vault maps discovered:
D:4:      layout_basic, tso_altar, serial_bayou, serial_bayou_crossing,
          serial_bayou_shore_a, serial_bayou_ford_a, serial_bayou_pond_a,
          minivault_23, item_on_display_a, uniq_ijyb
D:5:      layout_gridville, uniq_eustachio

Action                   || total
-------------------------++-------
Melee: Short sword       ||     4
       Bite              ||     1
Evoke: Wand              ||     1
  Use: Scroll            ||     2
       Potion            ||     1
 Stab: Sleeping          ||     1
Armor: Leather armour    ||     1
Dodge: Dodged            ||     3
